 Dungeon Crawl Stone Soup version 0.31-a0-408-gb642c7f9a3 (webtiles) character file.

Game seed: 4910226239292581383

12797 AiryTheDragon the Poker (level 11, 0/78 HPs)
             Began as a Demonspawn Gladiator on July 29, 2023.
             Engulfed by a fire crab's flame (22 damage)
             ... on level 2 of the Abyss on July 30, 2023.
             The game lasted 02:46:51 (8781 turns).

AiryTheDragon the Poker (Demonspawn Gladiator)      Turns: 8781, Time: 02:46:52

Health: 0/78       AC: 14    Str: 14    XL:     11   Next: 67%
Magic:  19/19      EV: 16    Int: 14    God:
Gold:   968        SH: 20    Dex: 26    Spells: 11/21 levels left

rFire   . . .        u - +2 spear (venom)
rCold   . . .        i - +2 tower shield
rNeg    . . .        m - +5 ring mail of Ziatey {Harm Regen+ Int-2}
rPois   .            g - +0 helmet
rElec   .            N - +0 cloak
rCorr   .            F - +0 pair of gloves
SInv    .            (no boots)
Will    .....        f - amulet of magic regeneration
Stlth   ++++         r - +5 ring of evasion
HPRegen 1.13/turn    K - ring of Hiuxkel {Fly Dex+7}
MPRegen 0.56/turn

%: harm (+30% outgoing, +20% incoming)
@: flying
A: hooves 2, thin skeletal structure 2, demonic guardian 1, demonic magic 2,
clever 1, wild magic 1
a: no special abilities


You were on level 2 of the Abyss.
You visited 3 branches of the dungeon, and saw 13 of its levels.
You visited the Abyss 1 time.
You also visited: Sewer and Ossuary.

You collected 968 gold pieces.

Inventory:

Hand Weapons
 a - a +2 dagger of freezing
 e - a +2 short sword of electrocution
 u - a +2 spear of venom (weapon)
 E - a +1 flail of protection
 M - a +3 quarterstaff of chaos
 O - a +1 dagger of pain
 S - a +5 trident
 T - a +3 great sword of freezing
Missiles
 d - 3 throwing nets (quivered)
 k - 10 boomerangs
 n - 8 poisoned darts
 C - a javelin
Armour
 g - a +0 helmet (worn)
 i - a +2 tower shield (worn)
 m - the +5 ring mail of Ziatey (worn) {Harm Regen+ Int-2}
   (You found it on level 2 of the Dungeon)

   Int:       It affects your intelligence (-2).
   Regen:     It increases your rate of health regeneration.
   Harm:      It increases damage dealt and taken.
 t - the +1 robe of the Vaults {rPois}
   (You found it on level 3 of the Dungeon)

   rPois:     It protects you from poison.
 x - a +1 robe of fire resistance
 z - a +1 leather armour of poison resistance
 F - a +0 pair of gloves (worn)
 J - a +1 scale mail of poison resistance
 N - a +0 cloak (worn)
Magical Staves
 b - a staff of cold
 v - a staff of earth
Jewellery
 f - an amulet of magic regeneration (around neck)
 o - a ring of protection from fire
 r - a +5 ring of evasion (left hand)
 y - a ring of protection from fire
 D - a ring of positive energy
 H - a +6 ring of intelligence
 K - the ring of Hiuxkel (right hand) {Fly Dex+7}
   (You found it on level 5 of the Dungeon)

   [ring of flight]

   Dex:       It affects your dexterity (+7).
   Fly:       It grants you flight.
Talismans
 j - a beast talisman
Wands
 q - a wand of flame (9)
Scrolls
 w - 2 scrolls of fog
 A - a scroll of fear
 G - 3 scrolls of teleportation
 Q - a scroll of silence
Potions
 c - a potion of experience {unknown}
 h - 3 potions of curing
 l - 2 potions of berserk rage
 p - a potion of invisibility {unknown}
 s - 3 potions of brilliance
 B - a potion of resistance {unknown}
 L - a potion of cancellation {unknown}


   Skills:
 + Level 4.9 Fighting
 + Level 1.6 Short Blades
 + Level 2.3 Maces & Flails
 + Level 6.8 Polearms
 + Level 2.1 Throwing
 + Level 3.8 Armour
 + Level 5.5 Dodging
 + Level 3.2 Stealth
 + Level 6.4 Shields
 * Level 5.6 Spellcasting
 + Level 6.6 Hexes
 * Level 2.8 Transmutations
 * Level 3.7 Fire Magic
 * Level 2.8 Poison Magic
 + Level 2.4 Evocations
 * Level 4.1 Shapeshifting


You had 11 spell levels left.
You knew the following spells:

 Your Spells              Type           Power      Damage    Failure   Level
a - Slow                  Hex            100%       N/A       30%         1
b - Confusing Touch       Hex            29%        N/A       63%         3
c - Vampiric Draining     Necr           5%         2d6       100%        3
d - Ignite Poison         Fire/Tmut/Pois 16%        N/A       97%         3

Your spell library contained the following spells:

 Spells                   Type           Power      Damage    Failure   Level
 Lesser Beckoning         Tloc           10%        N/A       99%         2
 Gell's Gravitas          Tloc           5%         N/A       100%        3
 Teleport Other           Tloc           5%         N/A       100%        3
 Animate Armour           Summ/Erth      10%        N/A       100%        4
 Leda's Liquefaction      Hex/Erth       8%         N/A       100%        4
 Starburst                Conj/Fire      5%         6d4       100%        6


Dungeon Overview and Level Annotations

Branches:
Dungeon (10/15)            Temple (1/1) D:4             Orc (2/2) D:10
  Sewer (visited)         Ossuary (visited)
   Lair: D:8-11         Elf: Orc:2

Altars:
Ashenzari
Cheibriados
Fedhas
Gozag
Hepliaklqana
Kikubaaqudgha
Makhleb
Nemelex Xobeh
Okawaru
Qazlal
Ru
Sif Muna
Trog
Uskayaw
Vehumet
Xom
Yredelemnul

Shops:
D:2 :

Annotations:
D:10 Snorg
Orc:2 Erolcha, Nessos


Innate Abilities, Weirdness & Mutations

You have hoof-like feet.
You have a moderately thin skeletal structure. (Dex +4, Stealth++)
A weak demonic guardian rushes to your aid.
Spells you cast may paralyse nearby enemies.
Your mind is acute. (Int +4, Str/Dex -1)
Your spells are a little harder to cast, but a little more powerful.


Message History

The catoblepas is almost dead.
Your quasit bites the fire crab but does no damage.
Your quasit claws the fire crab but does no damage. x2
You block the catoblepas's attack.
Your quasit bites the fire crab but does no damage.
Your quasit claws the fire crab but does no damage. x2
Casting: Slow (safe; 30% risk of failure)
Confirm with . or Enter, or press ? or * to list all spells.
Aiming: Slow (safe; 30% risk of failure)
Press: ? - help, Shift-Dir - straight line, f/p - catoblepas
Aim: a catoblepas (black smoke, almost dead, extremely poisoned, chance to affect: 4%)
The catoblepas resists with almost no effort.
Malevolent energies surge around you.
Your quasit bites the fire crab but does no damage.
Your quasit claws the fire crab but does no damage. x2
The catoblepas breathes a plume of calcifying dust at you.
The blast of calcifying dust hits you but does no damage.
You hit the catoblepas.
The catoblepas is almost dead.
You kill the catoblepas!
Your quasit is engulfed in calcifying dust.
Your quasit is moving more slowly.
Your quasit bites the fire crab but does no damage.
Your quasit claws the fire crab.
Your quasit claws the fire crab but does no damage.
Your quasit bites the fire crab.
Your quasit claws the fire crab but does no damage. x2
The fire crab bites your quasit!
Your quasit is engulfed in flames.
Your quasit resists.
The fire crab claws your quasit but does no damage.
Your quasit bites the fire crab but does no damage.
Your quasit claws the fire crab but does no damage. x2
The fire crab bites your quasit!
Your quasit dies!
Your quasit disappears in a puff of smoke!
The fire crab breathes flames at you.
The blast of flame engulfs you but does no damage.
You see here a fire crab corpse.
You are engulfed in blazing flames.
You die...

t5§ ... . ##§.
.... #. #.## #§.
. #..#t##§.# §
##..§°.# §#
.###○### §.# ..#
#.#○.##○.##..
...
..##○##○○...#
#...#..#○○°@○○.#
# . ..
####○###....
...# ### # ...#
..


There were no monsters in sight!

Vanquished Creatures
  A catoblepas (Abyss:2)
  Urug (D:10)
  A fire crab (Abyss:2)
  An orc knight (Orc:1)
  2 orc sorcerers
  Psyche (D:8)
  A kobold demonologist (D:10)
  A troll (D:10)
  A hornet (D:8)
  Prince Ribbit (D:7)
  A shadow (D:6)
  8 yaks
  3 wyverns
  3 wargs (Orc:1)
  8 water moccasins
  An acid dragon (D:9)
  12 orc warriors
  An ice beast (D:5)
  3 sky beasts
  A black bear (D:6)
  2 centaurs
  9 ogres
  3 phantoms
  2 bullfrogs (D:6)
  3 kobold brigands
  A gnoll sergeant (D:8)
  3 water moccasin zombies (Ossuary)
  5 scorpions
  2 troll zombies (D:10)
  4 wights (D:9)
  3 killer bees (D:8)
  2 howler monkeys
  A quasit (Sewer)
  2 hounds (D:5)
  A gnoll bouda (D:8)
  11 orc priests
  3 jellies
  Crazy Yiuf (D:7)
  An iguana (D:6)
  14 orc wizards
  5 ogre zombies (D:10)
  2 mummies (Ossuary)
  9 adders
  15 gnolls
  4 shadow imps
  4 white imps
  5 ufetubi
  5 adder zombies (Ossuary)
  3 worms
  4 dart slugs
  29 orcs
  6 bats
  6 endoplasms
  2 giant cockroaches
  4 gnoll zombies (Ossuary)
  2 goblins
  3 hobgoblins (D:1)
  7 jackals
  4 quokkas
  19 ball pythons
  4 frilled lizards
  A giant cockroach zombie (Sewer)
  2 goblin skeletons (D:10)
  15 hobgoblin zombies
  22 kobolds
  5 kobold zombies
  15 orc zombies
  11 rats
338 creatures vanquished.

Vanquished Creatures (collateral kills)
  A sky beast (D:7)
  An orc warrior (Orc:1)
  An orc priest (Orc:1)
  An orc wizard (D:7)
  A gnoll (D:8)
  2 orcs (Orc:1)
  A kobold (Sewer)
8 creatures vanquished.

Vanquished Creatures (others)
  2 orcs (D:10)
  A bat zombie (Sewer)
  An endoplasm (Sewer)
  An orc zombie (D:10)
5 creatures vanquished.

Grand Total: 351 creatures vanquished

Notes
Turn   | Place    | Note
-------+----------+-------------------------------------------
     0 | D:1      | AiryTheDragon the Demonspawn Gladiator began the quest for
                  | the Orb.
     0 | D:1      | Reached XP level 1. HP: 16/16 MP: 1/1
    95 | D:1      | Gained mutation: You have large cloven feet. [demonic
                  | ancestry]
    95 | D:1      | Reached XP level 2. HP: 22/22 MP: 2/2
   748 | D:1      | Gained mutation: A weak demonic guardian rushes to your
                  | aid. [demonic ancestry]
   748 | D:1      | Reached XP level 3. HP: 27/27 MP: 3/3
  1034 | D:2      | Found a shimmering altar of Xom.
  1050 | D:2      | Identified the +5 ring mail of Ziatey {Harm Regen+ Int-2}
  1571 | D:2      | Found Dyowkah's Book Shop.
  2100 | D:3      | Found a hazy altar of Hepliaklqana.
  2140 | D:3      | Identified the +1 robe of the Vaults {rPois}
  2299 | D:3      | Gained mutation: You have hoof-like feet. [demonic
                  | ancestry]
  2299 | D:3      | Reached XP level 4. HP: 34/34 MP: 4/4
  2307 | D:3      | Reached skill level 1 in Armour
  2564 | D:3      | Learned a level 1 spell: Slow
  2771 | D:4      | Reached skill level 1 in Hexes
  2844 | D:4      | Found a staircase to the Ecumenical Temple.
  2871 | D:4      | Reached XP level 5. HP: 39/39 MP: 5/5
  2873 | Temple   | Entered the Ecumenical Temple
  2911 | D:4      | Noticed an ogre
  2953 | D:5      | Entered Level 5 of the Dungeon
  2958 | D:5      | Noticed an ogre
  2990 | D:6      | Reached skill level 1 in Shields
  2997 | D:6      | Reached skill level 1 in Spellcasting
  3010 | D:6      | Reached XP level 6. HP: 34/46 MP: 7/7
  3057 | D:6      | Noticed a shadow
  3097 | D:6      | Noticed a water moccasin
  3125 | D:5      | Noticed an orc warrior
  3169 | D:5      | Killed a water moccasin
  3170 | D:5      | Gained mutation: You have a somewhat thin skeletal
                  | structure. (Dex +2, Stealth+) [demonic ancestry]
  3170 | D:5      | Reached XP level 7. HP: 48/51 MP: 9/9
  3255 | D:5      | Noticed a yak
  3257 | D:5      | Noticed a yak
  3258 | D:5      | Noticed a yak
  3260 | D:5      | Noticed a yak
  3260 | D:5      | Noticed a yak
  3317 | D:5      | Killed a yak
  3327 | D:5      | Killed a yak
  3328 | D:5      | Gained mutation: Spells you cast may paralyse adjacent
                  | enemies. [demonic ancestry]
  3328 | D:5      | Reached XP level 8. HP: 34/58 MP: 11/11
  3367 | D:5      | Found a glowing drain.
  3376 | Sewer    | Entered a sewer
  3505 | Sewer    | Found a burning altar of Makhleb.
  3520 | Sewer    | Reached skill level 5 in Polearms
  3569 | Sewer    | Reached skill level 1 in Stealth
  3575 | Sewer    | Learned a level 3 spell: Confusing Touch
  3579 | Sewer    | Learned a level 3 spell: Vampiric Draining
  4059 | D:5      | Reached skill level 1 in Short Blades
  4089 | D:5      | Reached XP level 9. HP: 45/65 MP: 14/14
  4137 | D:5      | Reached skill level 1 in Maces & Flails
  4359 | D:5      | Identified the ring of Hiuxkel {Fly Dex+7}
  4652 | D:6      | Reached skill level 5 in Hexes
  4735 | D:6      | Reached skill level 5 in Shields
  4846 | D:6      | Reached skill level 5 in Dodging
  4875 | D:6      | Got the Elucidation of Incineration and the Xenolith
  4880 | D:6      | Learned a level 3 spell: Ignite Poison
  4946 | D:6      | Reached skill level 1 in Fire Magic
  5211 | D:7      | Found a runed translucent door.
  5212 | D:7      | Noticed Crazy Yiuf
  5221 | D:7      | Killed Crazy Yiuf
  5341 | D:7      | Gained mutation: Spells you cast may paralyse nearby
                  | enemies. [demonic ancestry]
  5341 | D:7      | Reached XP level 10. HP: 73/73 MP: 16/16
  5363 | D:7      | Reached skill level 1 in Shapeshifting
  5416 | D:7      | Found a broken altar of Ashenzari.
  5843 | D:7      | Noticed Prince Ribbit
  5857 | D:7      | Killed Prince Ribbit
  5933 | D:7      | You are sucked into a shaft and drop 1 floor!
  5943 | D:8      | Gained mutation: You are frail. (-10% HP) [potion of
                  | mutation]
  6110 | D:8      | Reached skill level 1 in Transmutations
  6110 | D:8      | Reached skill level 1 in Poison Magic
  6129 | D:8      | Found a sand-covered staircase.
  6131 | D:8      | Noticed Psyche
  6148 | D:8      | Killed Psyche
  6149 | D:8      | Reached skill level 5 in Spellcasting
  6149 | D:8      | Reached skill level 1 in Evocations
  6204 | Ossuary  | Entered an ossuary
  7249 | D:9      | Lost mutation: You are frail. (-10% HP) [potion of
                  | mutation]
  7249 | D:9      | Gained mutation: Your mind is acute. (Int +4, Str/Dex -1)
                  | [potion of mutation]
  7249 | D:9      | Gained mutation: Your spells are a little harder to cast,
                  | but a little more powerful. [potion of mutation]
  7249 | D:9      | Gained mutation: You have a moderately thin skeletal
                  | structure. (Dex +4, Stealth++) [potion of mutation]
  7319 | D:9      | Noticed a gargoyle
  7573 | D:10     | Entered Level 10 of the Dungeon
  7596 | D:10     | Noticed Urug
  7618 | D:10     | Killed Urug
  7640 | D:10     | Reached XP level 11. HP: 56/78 MP: 18/18
  7653 | D:10     | Noticed Snorg
  7779 | D:10     | Noticed a sixfirhy
  7825 | D:10     | Found a staircase to the Orcish Mines.
  7901 | Orc:1    | Entered Level 1 of the Orcish Mines
  7971 | Orc:1    | Noticed an orc sorcerer
  7980 | Orc:1    | Paralysed by an orc sorcerer for 3 turns
  7995 | Orc:1    | Killed an orc sorcerer
  8032 | Orc:1    | Noticed an orc knight
  8075 | Orc:1    | Killed an orc knight
  8594 | Orc:2    | Entered Level 2 of the Orcish Mines
  8602 | Orc:2    | Noticed an orc sorcerer
  8612 | Orc:2    | Killed an orc sorcerer
  8635 | Orc:2    | Noticed Erolcha
  8637 | Orc:2    | Noticed Nessos
  8642 | Abyss:2  | Cast into level 2 of the Abyss (Erolcha)
  8668 | Abyss:2  | Noticed a catoblepas
  8668 | Abyss:2  | Noticed a swamp dragon
  8668 | Abyss:2  | Noticed a fire crab
  8687 | Abyss:2  | Killed a fire crab
  8755 | Abyss:2  | Noticed a fire crab
  8774 | Abyss:2  | Killed a catoblepas
  8781 | Abyss:2  | Engulfed by a fire crab's flame

Illustrated notes

Levels and vault maps discovered:
D:1:      psy_arrival_radial01, layout_basic
D:2:      layout_loops_corners, basic_altar, serial_shops, shop
D:3:      cheibrodos_old_hovel, layout_loops_ring, old_standard_altar,
          nicolae_underground_beach
D:4:      layout_basic, minmay_temple_entry_mini_moons, uniq_robin, uniq_grinder
D:5:      minmay_chambers_of_threes, layout_loops_ring, gup_sewer_entry_spiral
D:6:      layout_cave_pools
D:7:      layout_gridville, mainiacjoe_overflow_tiny_flanked,
          uniq_prince_ribbit1, uniq_crazy_yiuf_cottage
D:8:      layout_cave_pools, enter_ossuary_3, uniq_psyche
D:9:      layout_loops_corners
D:10:     layout_basic, nicolae_overflow_two_pavilions, zombieorc2_lemuel,
          uniq_snorg, uniq_urug
Temple:   hc_temple_tempest_star
Orc:1:    layout_caves
Orc:2:    grunt_orc_community_town_hall, layout_diamond_mine,
          grunt_orc_community_big_house_2, grunt_orc_community_big_house_1,
          grunt_orc_community_house_2, grunt_orc_community_house_2,
          grunt_orc_community_house_2, grunt_orc_community_house_3, basic_altar,
          uniq_sonja, uniq_nessos, uniq_erolcha
Abyss:2:  base: D:15, grunt_abyss_exit_deep_breaths,
          grunt_abyss_exit_deep_breaths

Skill      XL: |  1  2  3  4  5  6  7  8  9 10 11 |
---------------+----------------------------------+-----
Polearms       | 3 4 5 6 |  6.8
Dodging        | 3 4 5 |  5.5
Armour         | 1 2 3 |  3.8
Hexes          | 1 2 3 4 5 6 |  6.6
Shields        | 1 2 4 5 6 |  6.4
Spellcasting   | 1 2 3 4 5 |  5.6
Fighting       | 3 4 |  4.9
Throwing       | 2 |  2.1
Stealth        | 1 2 3 |  3.2
Short Blades   | 1 |  1.6
Maces & Flails | 2 |  2.3
Fire Magic     | 1 3 |  3.7
Shapeshifting  | 3 4 |  4.1
Transmutations | 2 |  2.8
Poison Magic   | 2 |  2.8
Evocations     | 2 |  2.4

Action                     |  1- 3 |  4- 6 |  7- 9 | 10-12 || total
---------------------------+-------+-------+-------+-------++-------
  Melee: Trident           |   135 |   135 |   212 |    77 ||   559
         Kick              |    18 |    26 |   119 |   226 ||   389
         Short sword       |       |       |   106 |    26 ||   132
         Flail             |       |       |    60 |    96 ||   156
         Spear             |       |       |       |   440 ||   440
  Throw: Javelin           |     1 |     1 |     2 |       ||     4
         Boomerang         |       |       |     3 |       ||     3
         Dart              |       |       |     2 |     1 ||     3
   Cast: Slow              |       |       |     2 |    27 ||    29
  Evoke: Wand              |       |       |       |    11 ||    11
    Use: Scroll            |       |     9 |       |    17 ||    26
         Potion            |       |    10 |     2 |    12 ||    24
   Stab: Distracted        |       |     1 |     1 |     4 ||     6
         Sleeping          |       |       |     5 |    23 ||    28
         Paralysed         |       |       |       |    15 ||    15
         Fleeing           |       |       |       |     1 ||     1
 Armour: Leather armour    |     8 |       |       |       ||     8
         Ring mail         |    25 |    51 |    88 |   147 ||   311
         Scale mail        |    14 |       |       |       ||    14
         Skin              |       |    16 |       |       ||    16
  Dodge: Dodged            |    40 |    76 |   205 |   276 ||   597
  Block: Tower shield      |    57 |   114 |   313 |   640 ||  1124
   Form: Beast             |       |       |     1 |     1 ||     2
                           |       |       |       |     2 ||     2

Table legend: (Time is in decaauts)
 A = Elapsed time spent in this place.
 B = Non-inter-level travel time spent in this place.
 C = Inter-level travel time spent in this place.
 D = Time resting spent in this place.
 E = Time spent auto-exploring this place.
 F = Levels seen in this place.
 G = Mean time per level.
                   A        B        C        D        E       F      G
               +--------+--------+--------+--------+--------+-----+--------+
         Total |   9243 |   8871 |    372 |     87 |   5122 |  16 |  577.7 |
       Dungeon |   7673 |   7301 |    372 |     23 |   4563 |  10 |  767.3 |
        Temple |      1 |      1 |      0 |      0 |      0 |   1 |    1.0 |
  Orcish Mines |    769 |    769 |      0 |     10 |    442 |   2 |  384.5 |
         Abyss |    139 |    139 |      0 |     40 |      0 |   1 |  139.0 |
         Sewer |    427 |    427 |      0 |      0 |    115 |   1 |  427.0 |
       Ossuary |    232 |    232 |      0 |     14 |      0 |   1 |  232.0 |
               +--------+--------+--------+--------+--------+-----+--------+

Top non-repeatable levels by time:
     D:5: 1248 daAuts
     D:2: 1020 daAuts
     D:1: 977 daAuts
     D:9: 925 daAuts
     D:3: 817 daAuts
     D:6: 786 daAuts
     D:7: 774 daAuts
   Orc:1: 721 daAuts
     D:8: 606 daAuts
   Sewer: 427 daAuts
    D:10: 282 daAuts
     D:4: 234 daAuts
 Ossuary: 232 daAuts
 Abyss:2: 139 daAuts
   Orc:2: 48 daAuts
